AoeStats
← Big Binouse

Arabia

509938693Analyzed
1v1 RM · 4d ago on Sep 28, 2026· 50m 45s· 2 players
Game mode
Random Map
Map size
Tiny (2 player)
Population
200
Speed
Normal
Resources
Standard
Victory
Conquest
Starting age
Dark Age
Ending age
Imperial Age
RankedLock teamsTeams togetherTeam positionsShared explorationLock speedFull tech treeHidden civsTurbo modeCheats
Victory
Defeat
🇧🇪 Byzantines · Belgium
1215
+17
🇨🇱 Lithuanians · Chile
1235
-17
Big Binouse
0:27 Loom
4:51 Loom
10:31 Feudal Age
11:59 Double-Bit Axe
11:59 Horse Collar
17:31 Wheelbarrow
18:36 Fletching
22:21 Castle Age
23:52 Bow Saw
24:17 Husbandry
26:43 Forging
26:39 Scale Barding Armor
27:17 Hand Cart
30:43 Iron Casting
30:29 Chain Barding Armor
30:55 Bodkin Arrow
31:06 Devotion
31:20 Heavy Plow
35:19 Imperial Age
33:59 Ballistics
35:26 Heavy Camel Rider
36:44 Plate Barding Armor
37:22 Conscription
38:30 Crossbowman
42:49 Bracer
43:53 Chemistry
42:50 Murder Holes
43:35 Padded Archer Armor
43:42 Thumb Ring
42:58 Arbalester
49:06 Hoardings
KingEdward
5:47 Loom
8:31 Feudal Age
9:08 Double-Bit Axe
17:39 Fletching
19:21 Town Watch
23:33 Castle Age
21:54 Horse Collar
22:23 Gold Mining
23:32 Bloodlines
24:41 Bow Saw
26:44 Scale Barding Armor
28:45 Husbandry
30:04 Forging
33:56 Chain Barding Armor
36:01 Wheelbarrow
41:29 Imperial Age
39:22 Scale Mail Armor
39:39 Pikeman
40:20 Squires
40:36 Chain Mail Armor
42:34 Iron Casting
41:41 Halberdier
44:39 Conscription
46:18 Plate Barding Armor
45:51 Cavalier
Connection lost

Rejoining the realm…

Still unreachable

The connection could not be restored.

Session expired

The server has moved on; the page needs a fresh start.